TOP OF THE 1ST |
Boston Red Sox batting - Pitching for Montreal Expos : LHP Brian White
|
Pitching: LHP Brian White
|
|
Batting: SHB Robbie Rogers
|
0-0: Ball 1-0: Fly out, F8 (Line Drive, 8LM, EV 91.2 MPH)
|
Batting: RHB Bill Turnbull
|
0-0: Fly out, F8 (Line Drive, 8RD, EV 109.4 MPH)
|
Batting: RHB Chris Lane
|
0-0: Foul Ball, location: 2F 0-1: Foul Ball, location: 2F 0-2: Foul Ball, location: 2F 0-2: Ball 1-2: Strikes out swinging
|
Top of the 1st over - 0 runs, 0 hits, 0 errors, 0 left on base; Boston 0 - Montreal 0 |
BOTTOM OF THE 1ST |
Montreal Expos batting - Pitching for Boston Red Sox : LHP Ragnar Danielsson
|
Pitching: LHP Ragnar Danielsson
|
|
Batting: SHB Bran Stark
|
0-0: Ball 1-0: Foul Ball, location: 2F 1-1: Called Strike 1-2: Ball 2-2: Strikes out looking
|
Batting: RHB Robby Juarez
|
0-0: Ground out 6-3 (Groundball, 6D, EV 108.1 MPH)
|
Batting: RHB Mike Salmon
|
0-0: Called Strike 0-1: Foul Ball, location: 2F 0-2: Foul Ball, location: 2F 0-2: Ball 1-2: SINGLE (Flyball, 8LS, EV 99.4 MPH)
|
Batting: RHB Hugo Bautista
|
0-0: Ball 1-0: Foul Ball, location: 2F 1-1: SINGLE (Groundball, 4MD, EV 95.6 MPH) Mike Salmon to second Runner from 2nd tries for 3rd, SAFE, throw by CF made to third Hugo Bautista to second
|
Batting: SHB Pete Barutha
|
0-0: Ball 1-0: Ground out 5-3 (Groundball, 56, EV 86.2 MPH)
|
Bottom of the 1st over - 0 runs, 2 hits, 0 errors, 2 left on base; Boston 0 - Montreal 0 |
TOP OF THE 2ND |
Boston Red Sox batting - Pitching for Montreal Expos : LHP Brian White
|
Batting: SHB Marvin Lawrence
|
0-0: Ball 1-0: Called Strike 1-1: Foul Ball, location: 2F 1-2: Foul Ball, location: 2F 1-2: Foul Ball, location: 2F 1-2: Foul Ball, location: 2F 1-2: Foul Ball, location: 2F 1-2: Ball 2-2: Foul Ball, location: 2F 2-2: Fly out, F8 (Flyball, 8LD, EV 100.6 MPH)
|
Batting: SHB Rich Chavez
|
0-0: Ball 1-0: Ball 2-0: Called Strike 2-1: Ball 3-1: SINGLE (Flyball, 3D, EV 89.4 MPH)
|
Batting: RHB Nick Esteves
|
0-0: Ball 1-0: DOUBLE (Flyball, 8LXD, EV 92.5 MPH) Rich Chavez to third
|
Batting: RHB Manny Vergara
|
0-0: Called Strike 0-1: Ball 1-1: Foul Ball, location: 2F 1-2: Foul Ball, location: 2F 1-2: 3-RUN HOME RUN (Flyball, 7LD, EV 89.4 MPH), Distance : 334 ft
|
Batting: LHB Kevin McCormic Jr.
|
0-0: Ball 1-0: Ball 2-0: Fly out, F7 (Flyball, 7LS, EV 91.2 MPH)
|
Batting: RHB Brandon Perris
|
0-0: Ball 1-0: Ball 2-0: Ground out 3-1 (Groundball, 34, EV 90.6 MPH)
|
Top of the 2nd over - 3 runs, 3 hits, 0 errors, 0 left on base; Boston 3 - Montreal 0 |
BOTTOM OF THE 2ND |
Montreal Expos batting - Pitching for Boston Red Sox : LHP Ragnar Danielsson
|
Batting: RHB John Ham
|
0-0: SINGLE (Groundball, 25, EV 70.0 MPH) (infield hit)
|
Batting: RHB Jared McClernon
|
0-0: Ball 1-0: Fly out, F9 (Flyball, 9S, EV 81.2 MPH)
|
Batting: RHB Martin Chavez
|
0-0: Called Strike John Ham is caught stealing 2nd base 2-4 0-1: Fly out, F7 (Line Drive, 7D, EV 99.4 MPH)
|
Bottom of the 2nd over - 0 runs, 1 hit, 0 errors, 0 left on base; Boston 3 - Montreal 0 |
TOP OF THE 3RD |
Boston Red Sox batting - Pitching for Montreal Expos : LHP Brian White
|
Batting: SHB Robbie Rogers
|
0-0: Ball 1-0: SINGLE (Flyball, 9LS, EV 86.2 MPH)
|
Batting: RHB Bill Turnbull
|
0-0: Called Strike 0-1: Swinging Strike 0-2: Strikes out swinging
|
Batting: RHB Chris Lane
|
0-0: Called Strike 0-1: Ball Robbie Rogers steals 2nd base 1-1: Swinging Strike 1-2: Ball 2-2: Ball 3-2: Base on Balls
|
Batting: SHB Marvin Lawrence
|
0-0: Called Strike Robbie Rogers steals 3rd base Chris Lane to second 0-1: Called Strike 0-2: SINGLE (Line Drive, 6M, EV 98.8 MPH) Robbie Rogers scores Chris Lane to third
|
Batting: SHB Rich Chavez
|
0-0: Ball 1-0: Called Strike 1-1: Ball 2-1: Swinging Strike 2-2: Foul Ball, location: 2F 2-2: Ball 3-2: Strikes out swinging
|
Batting: RHB Nick Esteves
|
0-0: Called Strike 0-1: Ball 1-1: Foul Ball, location: 2F 1-2: Fly out, F8 (Flyball, 89D, EV 106.9 MPH)
|
Top of the 3rd over - 1 run, 2 hits, 0 errors, 2 left on base; Boston 4 - Montreal 0 |
BOTTOM OF THE 3RD |
Montreal Expos batting - Pitching for Boston Red Sox : LHP Ragnar Danielsson
|
Batting: LHB Steve Anderson
|
0-0: Foul Ball, location: 2F 0-1: Foul Ball, location: 2F 0-2: Fly out, F8 (Flyball, 8LM, EV 78.1 MPH)
|
Batting: SHB Bran Stark
|
0-0: Swinging Strike 0-1: Ball 1-1: Foul Ball, location: 2F 1-2: Foul Ball, location: 2F 1-2: Strikes out swinging
|
Batting: RHB Robby Juarez
|
0-0: Ball 1-0: Swinging Strike 1-1: Ball 2-1: Foul Ball, location: 2F 2-2: Strikes out looking
|
Bottom of the 3rd over - 0 runs, 0 hits, 0 errors, 0 left on base; Boston 4 - Montreal 0 |
TOP OF THE 4TH |
Boston Red Sox batting - Pitching for Montreal Expos : LHP Brian White
|
Batting: RHB Manny Vergara
|
0-0: SINGLE (Groundball, 6MD, EV 105.6 MPH)
|
Batting: LHB Kevin McCormic Jr.
|
0-0: Called Strike 0-1: Ball 1-1: Foul Ball, location: 2F 1-2: SINGLE (Groundball, 34D, EV 100.6 MPH) Manny Vergara to second Runner from 2nd tries for 3rd, SAFE, throw by RF made to third
|
Batting: RHB Brandon Perris
|
0-0: Called Strike 0-1: Ball 1-1: Foul Ball, location: 2F 1-2: Strikes out swinging
|
Batting: SHB Robbie Rogers
|
0-0: Called Strike 0-1: Ball 1-1: Ball 2-1: Ball 3-1: Called Strike 3-2: Strikes out looking
|
Batting: RHB Bill Turnbull
|
0-0: Called Strike 0-1: Called Strike 0-2: Ball 1-2: SINGLE (Line Drive, 3D, EV 96.2 MPH) Manny Vergara scores Kevin McCormic Jr. to second
|
Batting: RHB Chris Lane
|
0-0: Ball 1-0: Ball 2-0: Ball 3-0: Called Strike 3-1: Fly out, F6 (Flyball, 6D, EV 91.9 MPH)
|
Top of the 4th over - 1 run, 3 hits, 0 errors, 2 left on base; Boston 5 - Montreal 0 |
BOTTOM OF THE 4TH |
Montreal Expos batting - Pitching for Boston Red Sox : LHP Ragnar Danielsson
|
Batting: RHB Mike Salmon
|
0-0: Ball 1-0: Fly out, F8 (Flyball, 8LXD, EV 98.1 MPH)
|
Batting: RHB Hugo Bautista
|
0-0: Ball 1-0: Foul Ball, location: 2F 1-1: Fly out, F4 (Flyball, 4D, EV 82.5 MPH)
|
Batting: SHB Pete Barutha
|
0-0: Ball 1-0: Ball 2-0: Ground out 6-3 (Groundball, 6, EV 90.0 MPH)
|
Bottom of the 4th over - 0 runs, 0 hits, 0 errors, 0 left on base; Boston 5 - Montreal 0 |
TOP OF THE 5TH |
Boston Red Sox batting - Pitching for Montreal Expos : LHP Brian White
|
Batting: SHB Marvin Lawrence
|
0-0: Called Strike 0-1: Fly out, F4 (Popup, 34D, EV 70.0 MPH)
|
Batting: SHB Rich Chavez
|
0-0: Ball 1-0: Ground out 4-3 (Groundball, 4, EV 98.8 MPH)
|
Batting: RHB Nick Esteves
|
0-0: Called Strike 0-1: Ball 1-1: Foul Ball, location: 2F 1-2: Ball 2-2: Strikes out looking
|
Top of the 5th over - 0 runs, 0 hits, 0 errors, 0 left on base; Boston 5 - Montreal 0 |
BOTTOM OF THE 5TH |
Montreal Expos batting - Pitching for Boston Red Sox : LHP Ragnar Danielsson
|
Batting: RHB John Ham
|
0-0: Fly out, F9 (Flyball, 89M, EV 76.9 MPH)
|
Batting: RHB Jared McClernon
|
0-0: Ball 1-0: Ball 2-0: Foul Ball, location: 2F 2-1: Swinging Strike 2-2: Foul Ball, location: 2F 2-2: Strikes out looking
|
Batting: RHB Martin Chavez
|
0-0: Swinging Strike 0-1: Called Strike 0-2: Fly out, F8 (Flyball, 8LD, EV 92.5 MPH)
|
Bottom of the 5th over - 0 runs, 0 hits, 0 errors, 0 left on base; Boston 5 - Montreal 0 |
TOP OF THE 6TH |
Boston Red Sox batting - Pitching for Montreal Expos : LHP Brian White
|
Pitching: RHP Joel Beggs
|
|
Batting: RHB Manny Vergara
|
0-0: Foul Ball, location: 2F 0-1: Ball 1-1: Ball 2-1: SINGLE (Groundball, 56D, EV 98.1 MPH)
|
Batting: LHB Kevin McCormic Jr.
|
0-0: Ball 1-0: Grounds out, U3 (Groundball, 3L, EV 82.5 MPH)
|
Batting: RHB Brandon Perris
|
0-0: Ball 1-0: Ground out 3-1 (Groundball, 34S, EV 90.0 MPH) Manny Vergara to third
|
Batting: SHB Robbie Rogers
|
0-0: Ball 1-0: SINGLE (Line Drive, 5D, EV 94.4 MPH) Manny Vergara scores
|
Pinch Hitting: LHB Ernesto Cedillos
|
0-0: Ball Robbie Rogers steals 2nd, throwing error, E2 Robbie Rogers to third 1-0: Called Strike 1-1: Ball 2-1: Fly out, F8 (Flyball, 78D, EV 88.8 MPH)
|
Top of the 6th over - 1 run, 2 hits, 1 error, 1 left on base; Boston 6 - Montreal 0 |
BOTTOM OF THE 6TH |
Montreal Expos batting - Pitching for Boston Red Sox : LHP Ragnar Danielsson
|
Now at 1B: Ernesto Cedillos
|
|
Now at 2B: Chris Lane
|
|
Batting: LHB Steve Anderson
|
0-0: Swinging Strike 0-1: Ball 1-1: Ball 2-1: Ball 3-1: Swinging Strike 3-2: Fly out, F8 (Flyball, 78M, EV 88.8 MPH)
|
Batting: SHB Bran Stark
|
0-0: Swinging Strike 0-1: Ball 1-1: Ground out 6-3 (Groundball, 6, EV 98.1 MPH)
|
Batting: RHB Robby Juarez
|
0-0: Called Strike 0-1: Called Strike 0-2: Foul Ball, location: 2F 0-2: Foul Ball, location: 2F 0-2: Foul Ball, location: 2F 0-2: Ball 1-2: SINGLE (Groundball, P, EV 86.2 MPH) (infield hit)
|
Batting: RHB Mike Salmon
|
0-0: Called Strike 0-1: Foul Ball, location: 2F 0-2: Fielders Choice at 2nd, U6 (Groundball, 6M, EV 81.9 MPH)
|
Bottom of the 6th over - 0 runs, 1 hit, 0 errors, 1 left on base; Boston 6 - Montreal 0 |
TOP OF THE 7TH |
Boston Red Sox batting - Pitching for Montreal Expos : RHP Joel Beggs
|
Batting: RHB Chris Lane
|
0-0: Swinging Strike 0-1: Ground out 5-3 (Groundball, 56, EV 107.5 MPH)
|
Batting: SHB Marvin Lawrence
|
0-0: SINGLE (Groundball, 34S, EV 65.6 MPH) (infield hit)
|
Batting: SHB Rich Chavez
|
0-0: Fly out, F8 (Flyball, 89D, EV 101.2 MPH)
|
Batting: RHB Nick Esteves
|
0-0: Ball 1-0: Ball 2-0: Fly out, F6 (Popup, 56, EV 68.1 MPH)
|
Top of the 7th over - 0 runs, 1 hit, 0 errors, 1 left on base; Boston 6 - Montreal 0 |
BOTTOM OF THE 7TH |
Montreal Expos batting - Pitching for Boston Red Sox : LHP Ragnar Danielsson
|
Batting: RHB Hugo Bautista
|
0-0: Ball 1-0: Ball 2-0: Called Strike 2-1: Reached on error, E6 (Groundball, 6S, EV 66.9 MPH)
|
Batting: SHB Pete Barutha
|
0-0: Swinging Strike 0-1: Ball 1-1: Foul Ball, location: 2F 1-2: Strikes out swinging
|
Batting: RHB John Ham
|
0-0: Called Strike 0-1: Ball 1-1: Ball 2-1: Called Strike 2-2: Foul Ball, location: 2F 2-2: Ball 3-2: Foul Ball, location: 2F 3-2: SINGLE (Groundball, 6S, EV 65.6 MPH) (infield hit) Hugo Bautista to second
|
Batting: RHB Jared McClernon
|
0-0: Ball 1-0: Swinging Strike 1-1: Ball 2-1: Foul Ball, location: 2F 2-2: Ball 3-2: Foul Ball, location: 2F 3-2: Base on Balls Hugo Bautista to third John Ham to second
|
Batting: RHB Martin Chavez
|
0-0: Ball 1-0: Ball 2-0: Swinging Strike 2-1: Ball 3-1: Called Strike 3-2: SINGLE (Groundball, 4D, EV 96.9 MPH) Hugo Bautista scores John Ham to third Jared McClernon to second Runner from 3rd tries for Home, throw by RF and OUT! 9-2
|
Pitching: RHP John Jordan
|
|
Batting: LHB Steve Anderson
|
0-0: Ball 1-0: Fielders Choice at 2nd, 6-4 (Groundball, 6, EV 86.9 MPH)
|
Bottom of the 7th over - 1 run, 2 hits, 1 error, 2 left on base; Boston 6 - Montreal 1 |
TOP OF THE 8TH |
Boston Red Sox batting - Pitching for Montreal Expos : RHP Joel Beggs
|
Batting: RHB Manny Vergara
|
0-0: Ball 1-0: Foul Ball, location: 2F 1-1: Foul Ball, location: 2F 1-2: Ball 2-2: Ground out 4-3 (Groundball, 4S, EV 88.1 MPH)
|
Batting: LHB Kevin McCormic Jr.
|
0-0: Called Strike 0-1: Ball 1-1: Foul Ball, location: 2F 1-2: Strikes out swinging
|
Batting: RHB Brandon Perris
|
0-0: Called Strike 0-1: Ground out 6-3 (Groundball, 56, EV 106.2 MPH)
|
Top of the 8th over - 0 runs, 0 hits, 0 errors, 0 left on base; Boston 6 - Montreal 1 |
BOTTOM OF THE 8TH |
Montreal Expos batting - Pitching for Boston Red Sox : RHP John Jordan
|
Batting: SHB Bran Stark
|
0-0: Foul Ball, location: 2F 0-1: Fly out, F8 (Flyball, 8RS, EV 83.8 MPH)
|
Batting: RHB Robby Juarez
|
0-0: Ball 1-0: Ball 2-0: Ball 3-0: Base on Balls
|
Batting: RHB Mike Salmon
|
0-0: Called Strike 0-1: Foul Ball, location: 2F 0-2: Grounds into double play, 5-4-3 (Groundball, 56, EV 98.8 MPH)
|
Bottom of the 8th over - 0 runs, 0 hits, 0 errors, 0 left on base; Boston 6 - Montreal 1 |
TOP OF THE 9TH |
Boston Red Sox batting - Pitching for Montreal Expos : RHP Joel Beggs
|
Batting: SHB Robbie Rogers
|
0-0: Called Strike 0-1: Ball 1-1: SINGLE (Line Drive, 4MD, EV 105.0 MPH)
|
Batting: LHB Ernesto Cedillos
|
0-0: 2-RUN HOME RUN (Flyball, 9D, EV 94.4 MPH), Distance : 358 ft
|
Batting: RHB Chris Lane
|
0-0: Called Strike 0-1: Foul Ball, location: 2F 0-2: Foul Ball, location: 2F 0-2: SINGLE (Flyball, 7LS, EV 88.8 MPH)
|
Batting: SHB Marvin Lawrence
|
0-0: Ball 1-0: Called Strike 1-1: Ball 2-1: Foul Ball, location: 2F 2-2: Fly out, F8 (Flyball, 8RD, EV 98.1 MPH)
|
Batting: SHB Rich Chavez
|
0-0: Foul Ball, location: 2F 0-1: Ball 1-1: Called Strike 1-2: Ball 2-2: Strikes out looking
|
Batting: RHB Nick Esteves
|
0-0: Ball 1-0: Swinging Strike 1-1: Ball 2-1: Ball 3-1: Base on Balls Chris Lane to second
|
Batting: RHB Manny Vergara
|
0-0: Called Strike 0-1: Ball 1-1: Ground out 3-1 (Groundball, 13, EV 84.4 MPH)
|
Top of the 9th over - 2 runs, 3 hits, 0 errors, 2 left on base; Boston 8 - Montreal 1 |
BOTTOM OF THE 9TH |
Montreal Expos batting - Pitching for Boston Red Sox : RHP John Jordan
|
Batting: RHB Hugo Bautista
|
0-0: Ball 1-0: Ball 2-0: Ball 3-0: Base on Balls
|
Pinch Hitting: RHB Jesse Basich
|
0-0: Ball 1-0: Ball 2-0: Foul Ball, location: 2F 2-1: Ball 3-1: Base on Balls Hugo Bautista to second
|
Pinch Hitting: LHB Jimmy Buscemi
|
0-0: Ball 1-0: Foul Ball, location: 2F 1-1: Ball 2-1: Ball 3-1: Foul Ball, location: 2F 3-2: Foul Ball, location: 2F 3-2: Strikes out swinging Hugo Bautista steals 3rd base (no throw) Batter strikes out. Jesse Basich to second
|
Pinch Hitting: LHB Tommy Luce
|
0-0: Foul Ball, location: 2F 0-1: Ball 1-1: Ground out 4-3 (Groundball, 13, EV 86.2 MPH) Hugo Bautista scores Jesse Basich to third
|
Batting: RHB Martin Chavez
|
0-0: 2-RUN HOME RUN (Flyball, 78XD, EV 98.1 MPH), Distance : 393 ft
|
Pitching: RHP Edgar Saldivar
|
|
Now at 1B: Chris Lane
|
|
Now at 2B: Rich Chavez
|
|
Now at 3B: Won-jun Park
|
|
Now in LF: Shoichi Aso
|
|
Now in RF: Scott Treider
|
|
Batting: LHB Steve Anderson
|
0-0: Called Strike 0-1: Ball 1-1: Swinging Strike 1-2: Fly out, F7 (Line Drive, 78S, EV 106.2 MPH)
|
Bottom of the 9th over - 3 runs, 1 hit, 0 errors, 0 left on base; Boston 8 - Montreal 4 |
|